 Dungeon Crawl Stone Soup version 0.31-a0-1154-gadca813884 (webtiles) character file.

Game seed: 1737663593158712056

1040 Dirtsage the Changeling (level 8, 0/51 HPs)
             Began as an Octopode Shapeshifter on Dec 7, 2023.
             Succumbed to an adder's poison
             ... on level 6 of the Dungeon.
             The game lasted 00:07:48 (4592 turns).

Dirtsage the Changeling (Octopode Shapeshifter)     Turns: 4592, Time: 00:07:49

Health: 0/51       AC:  1    Str: 19    XL:     8   Next: 24%
Magic:  8/8        EV: 18    Int: 12    God:
Gold:   194        SH:  0    Dex: 14    Spells: 5/7 levels left

rFire   . .          .
                       - Unarmed
rCold   . . .        (shield currently unavailable)
rNeg    + + +        (helmet restricted)
rPois   .            (no amulet)
rElec   .            h - +6 ring of strength
rCorr   +            C - ring of resist corrosion
SInv    +            N - ring of positive energy
Will    .....        y - ring "Myretox" {*Slow rN++ SInv}
Stlth   +            (no ring)
HPRegen 0.28/turn    (no ring)
MPRegen 0.11/turn    (no ring)
                     (no ring)

%: slow self (1%)
@: lethally poisoned (0 -> -3), flux-form, glowing
A: glow, contaminating, almost no armour, amphibious, 8 rings, camouflage 1,
gelatinous body 1, (nimble swimmer 1), tentacles
a: Begin Untransformation


You were on level 6 of the Dungeon.
You were something dangerously unstable.
You visited 1 branch of the dungeon, and saw 6 of its levels.

You collected 194 gold pieces.

Inventory:

Hand Weapons
 t - the +5 dagger of Kipalaff {flame, Int+2 SInv}
   (You found it on level 4 of the Dungeon)

   Int+2:     It affects your intelligence (+2).
   SInv:      It lets you see invisible.
Armour
 A - a +0 buckler
Jewellery
 h - a +6 ring of strength (left tentacle)
 m - an amulet of magic regeneration
 y - the ring "Myretox" (on tentacle) {*Slow rN++ SInv}
   (You found it on level 5 of the Dungeon)

   [ring of see invisible]

   rN++:      It greatly protects you from negative energy.
   SInv:      It lets you see invisible.
   *Slow:     It may slow you when you take damage.
 C - a ring of resist corrosion (right tentacle)
 N - a ring of positive energy (on tentacle)
Talismans
 b - a beast talisman
 c - a flux talisman (active)
 v - a beast talisman
Wands
 r - a wand of flame (8)
 z - a wand of paralysis (8)
Scrolls
 g - 6 scrolls of identify {unknown}
 k - a scroll of brand weapon {unknown}
 n - 2 scrolls of teleportation {unknown}
 q - 2 scrolls of fog {unknown}
 u - a scroll of noise {unknown}
 w - a scroll of blinking {unknown}
 x - a scroll of vulnerability {unknown}
Potions
 a - a potion of lignification
 d - a potion of might
 e - 2 potions of curing {unknown}
 f - a potion of attraction {unknown}
 i - a potion of ambrosia {unknown}
 j - 2 potions of cancellation {unknown}
 l - a potion of resistance {unknown}
 o - 3 potions of mutation {unknown}
 p - a potion of degeneration
 s - 2 potions of enlightenment {unknown}
 B - a potion of brilliance {unknown}


   Skills:
 + Level 2.6 Fighting
 + Level 3.0 Dodging
 + Level 3.7 Unarmed Combat
 + Level 4.4 Transmutations
 - Level 7.0 Shapeshifting


You had 5 spell levels left.
You knew the following spells:

 Your Spells              Type           Power      Damage    Failure   Level
a - Wereblood             Tmut           10%        N/A       9%          2

Your spell library contained the following spells:

 Spells                   Type           Power      Damage    Failure   Level
 Magic Dart               Conj           0%         1d3       32%         1
 Blink                    Tloc           0%         N/A       45%         2
 Call Imp                 Summ           0%         N/A       45%         2
 Dazzling Flash           Conj/Hex       0%         N/A       69%         3
 Gell's Gravitas          Tloc           0%         N/A       69%         3
 Mephitic Cloud           Conj/Pois/Air  0%         N/A       69%         3
 Teleport Other           Tloc           0%         N/A       69%         3
 Manifold Assault         Tloc           0%         N/A       97%         4
 Irradiate                Conj/Tmut      2%         3d12      98%         5
 Agony                    Necr           0%         N/A       100%        5
 Silence                  Hex/Air        0%         N/A       100%        5
 Dispersal                Tloc           0%         N/A       100%        6


Dungeon Overview and Level Annotations

Branches:
Dungeon (6/15)
 Temple: D:4-7

Altars:
Vehumet

Shops:
D:1 *

Portals:
Abyss: D:4

Annotations:
D:4 2 transporters, JaaP's ghost, amateur AtFi


Innate Abilities, Weirdness & Mutations

You are something dangerously unstable.
You glow with magical radiation, making you easy to see and hit.
Foes you strike become dangerously contaminated with magical radiation.
You are incapable of wielding weapons or throwing items.
You cannot wear most types of armour.
You are amphibious.
You can wear up to eight rings at the same time.
Your skin changes colour to match your surroundings (Stealth+).
Your rubbery body absorbs attacks. (AC +1, EV +1)
((You are camouflaged when in or above water. (Stealth+)))
You have tentacles for arms and can constrict up to eight enemies at once.


Message History

You squeeze the troll, but do no damage.
The troll misses you. The troll barely misses you. The troll misses you.
You tentacle-slap the troll but do no damage.
The troll begins to glow.
Your squeeze misses the troll. The adder bites you but does no damage.
The adder misses you. The troll bites you! The troll claws you! x2
You take 35 damage, and have 16/51 hp.
MASSIVE DAMAGE!!
You tentacle-slap the troll.
The troll glows dangerously bright.
The troll is lightly wounded.
The adder misses you. The troll misses you. The troll completely misses you.
The troll misses you.
You barely miss the troll. You squeeze the troll.
The troll is lightly wounded.
The adder barely misses you. The troll closely misses you.
The troll completely misses you. x2
You barely miss the troll.
The troll is lightly wounded.
The adder completely misses you.
You barely miss the troll.
The troll is lightly wounded.
The adder bites you.
* * * LOW HITPOINT WARNING * * *
You are poisoned.
The adder poisons you! The troll bites you but does no damage.
The troll claws you.
* * * LOW HITPOINT WARNING * * *
The troll misses you. The adder misses you.
You take 6 damage, and have 11/51 hp.
You tentacle-slap the troll but do no damage.
The troll shudders as magic cascades through it!
The troll twists and deforms.
Your squeeze misses the troll.
The troll is heavily wounded.
You feel sick. The troll barely misses you. The troll completely misses you.
The troll claws you!
* * * LOW HITPOINT WARNING * * *
The adder closely misses you.
You take 10 damage, and have 1/51 hp.
You tentacle-slap the troll.
The troll begins to glow.
You squeeze the troll!
The troll is severely wounded.
You die...

#####..###########
#................. ###
#.###..########### #..
#......########
#.#####.#...#..........
######.#...#(##...##########
###....#.#............†......
.......+.#<..#.###..#############
###....#.......SpT...............
#......'......####............###
#.#....#......#.T..#........#.#
#.####......#.####.####...#.#
#.........#.#.####.# #...#.#
#.#######.#.#...##.# #.....#
######.#.###.##.####.#.###
.......................>#
#.###########..#..#####.#


You could see a troll (contam, misshapen) and an adder.

Vanquished Creatures
  Grinder (D:4)
  An ice beast (D:6)
  An ogre (D:5)
  A gnoll sergeant (D:6)
  2 scorpions
  2 hounds
  3 orc priests
  An iguana (D:5)
  6 orc wizards
  4 gnolls (D:6)
  3 adders
  2 white imps
  3 worms
  2 dart slugs
  20 orcs
  3 endoplasms
  2 giant cockroaches
  5 goblins
  4 hobgoblins
  3 jackals (D:4)
  7 kobolds
  6 quokkas
  3 ball pythons
  2 bats
  2 frilled lizards
  2 rats
91 creatures vanquished.

Notes
Turn   | Place    | Note
-------+----------+-------------------------------------------
     0 | D:1      | Dirtsage the Octopode Shapeshifter began the quest for the
                  | Orb.
     0 | D:1      | Reached XP level 1. HP: 13/13 MP: 1/1
    42 | D:1      | Found Opnafryxa's General Store.
   137 | D:1      | Reached XP level 2. HP: 18/18 MP: 2/2
   772 | D:2      | Found a faded altar of an unknown god.
   822 | D:2      | Reached skill level 4 in Shapeshifting
   822 | D:2      | Reached XP level 3. HP: 20/23 MP: 3/3
  1469 | D:3      | Reached XP level 4. HP: 3/28 MP: 4/4
  1726 | D:3      | Reached skill level 5 in Shapeshifting
  1769 | D:3      | Found a radiant altar of Vehumet.
  2072 | D:3      | Learned a level 2 spell: Wereblood
  2220 | D:4      | Reached skill level 1 in Transmutations
  2220 | D:4      | Reached XP level 5. HP: 30/33 MP: 5/5
  2299 | D:4      | Reached XP level 6. HP: 7/38 MP: 6/6
  2417 | D:4      | Identified the +5 dagger of Kipalaff {flame, Int+2 SInv}
  2686 | D:4      | Noticed Grinder
  2692 | D:4      | Killed Grinder
  2693 | D:4      | Reached skill level 6 in Shapeshifting
  2693 | D:4      | Reached XP level 7. HP: 38/43 MP: 7/7
  2731 | D:4      | Found a transporter.
  2839 | D:4      | Found a transporter.
  3012 | D:4      | Found a one-way gate to the infinite horrors of the Abyss.
  3012 | D:4      | Noticed JaaP's ghost (amateur AtFi)
  3093 | D:5      | Entered Level 5 of the Dungeon
  3683 | D:5      | Identified the ring "Myretox" {*Slow rN++ SInv}
  4160 | D:6      | Reached XP level 8. HP: 16/50 MP: 8/8
  4382 | D:6      | HP: 2/50 [ice beast (6)]
  4578 | D:6      | Reached skill level 7 in Shapeshifting
  4581 | D:6      | Noticed a troll
  4591 | D:6      | HP: 1/51 [troll (9)]
  4592 | D:6      | Succumbed to an adder's poison

Illustrated notes

Levels and vault maps discovered:
D:1:      roderic_crop_circles_arrival_small, layout_basic, serial_shops,
          nicolae_shop_trees
D:2:      layout_rooms, serial_bayou, serial_bayou_lagoon_a,
          serial_bayou_pond_a, serial_bayou_pond_c, serial_bayou_shore_a,
          serial_bayou_ford_a, serial_bayou_pond_a,
          chequers_ecumenical_altar_island
D:3:      layout_basic, vehumet_altar_wand_db
D:4:      layout_loops_ring, gammafunk_ghost_abyssal_escape, uniq_grinder
D:5:      layout_cave_pods
D:6:      layout_basic, mainiacjoe_overflow_boulevard,
          mainiacjoe_overflow_catch_the_wave, trog_ov_bears_minmay

Skill      XL: |  1  2  3  4  5  6  7  8 |
---------------+-------------------------+-----
Shapeshifting  | 4 5 6 7 |  7.0
Transmutations | 1 2 3 4 |  4.4
Fighting       | 2 |  2.6
Dodging        | 3 |  3.0
Unarmed Combat | |  3.7

Action                     |  1- 3 |  4- 6 |  7- 9 || total
---------------------------+-------+-------+-------++-------
  Melee: Unarmed           |    62 |    55 |    83 ||   200
         Tentacles         |    10 |    17 |    16 ||    43
         Constrict         |    16 |    21 |    16 ||    53
         Punch             |     2 |       |     4 ||     6
   Cast: Wereblood         |       |       |     5 ||     5
  Evoke: Wand              |       |       |     3 ||     3
    Use: Potion            |       |     2 |       ||     2
   Stab: Sleeping          |     9 |     4 |       ||    13
 Armour: Skin              |    17 |    15 |    48 ||    80
  Dodge: Dodged            |    31 |    22 |    59 ||   112
   Form: Flux              |       |       |     1 ||     1

Table legend: (Time is in decaauts)
 A = Elapsed time spent in this place.
 B = Non-inter-level travel time spent in this place.
 C = Inter-level travel time spent in this place.
 D = Time resting spent in this place.
 E = Time spent auto-exploring this place.
 F = Levels seen in this place.
 G = Mean time per level.
                   A        B        C        D        E       F      G
               +--------+--------+--------+--------+--------+-----+--------+
         Total |   4577 |   4467 |    110 |    306 |   3592 |   6 |  762.8 |
       Dungeon |   4577 |   4467 |    110 |    306 |   3592 |   6 |  762.8 |
               +--------+--------+--------+--------+--------+-----+--------+

Top non-repeatable levels by time:
     D:5: 984 daAuts
     D:4: 945 daAuts
     D:3: 808 daAuts
     D:1: 719 daAuts
     D:2: 611 daAuts
     D:6: 509 daAuts
